 Dungeon Crawl Stone Soup version 0.22.1-1-ga44c0e5 (webtiles) character file.

84 Anon1729 the Twirler (level 4, -1/35 HPs)
             Began as a Barachi Gladiator on Oct 24, 2018.
             Was an Initiate of Wu Jian.
             Slain by Grinder (5 damage)
             ... while paralysed by Grinder
             ... on level 3 of the Dungeon.
             The game lasted 00:03:58 (1600 turns).

Anon1729 the Twirler (Barachi Gladiator)            Turns: 1600, Time: 00:03:58

Health: -1/35      AC:  5    Str: 19    XL:     4   Next: 45%
Magic:  4/4        EV:  2    Int:  8    God:    Wu Jian [......]
Gold:   126        SH:  0    Dex: 14    Spells: 3/3 levels left

rFire    . . .     SeeInvis .   a - +0 quarterstaff
rCold    + . .     Gourm    .   (shield currently unavailable)
rNeg     . . .     Faith    .   b - +0 leather armour
rPois    .         Spirit   .   c - +0 helmet
rElec    .         Reflect  .   l - +0 cloak
rCorr    .         Harm     .   (no gloves)
MR       .....                  (no boots)
Stlth    +.........             (no amulet)
HPRegen  0.11/turn              p - ring of protection from cold
MPRegen  0.09/turn              j - +3 ring of strength

@: paralysed, slow
A: +LOS, swims, slowness 1, strong legs 1
a: Hop, Renounce Religion


You were on level 3 of the Dungeon.
You worshipped Wu Jian.
Wu Jian was noncommittal.
You were not hungry.

You visited 1 branch of the dungeon, and saw 3 of its levels.

You collected 126 gold pieces.

Inventory:

Hand Weapons
 a - a +0 quarterstaff (weapon)
Missiles
 d - 3 throwing nets (quivered)
Armour
 b - a +0 leather armour (worn)
 c - a +0 helmet (worn)
 l - a +0 cloak (worn)
Jewellery
 e - an uncursed ring of magical power
 j - a +3 ring of strength (right hand)
 p - a ring of protection from cold (left hand)
 q - an uncursed ring of magical power
Scrolls
 i - a scroll of remove curse {unknown}
 k - 2 scrolls of identify {unknown}
 m - 3 scrolls of teleportation {unknown}
 n - a scroll of fog {unknown}
 t - a scroll of enchant weapon {unknown}
 u - a scroll of immolation {unknown}
 v - a scroll of magic mapping {unknown}
Potions
 g - a potion of lignification {unknown}
 h - 3 potions of heal wounds {unknown}
 o - a potion of berserk rage {unknown}
 r - a potion of flight {unknown}
 s - a potion of haste
Comestibles
 f - 3 rations
 w - 4 chunks of flesh


   Skills:
 + Level 3.1 Fighting
 * Level 4.2 Staves
 + Level 2.6 Throwing
 + Level 1.2 Armour
 + Level 3.8 Dodging


You had 3 spell levels left.
You didn't know any spells.
Your spell library was empty.

Dungeon Overview and Level Annotations

Branches:
Dungeon (3/15)

Altars:
Ashenzari
Kikubaaqudgha
Qazlal
Sif Muna
Uskayaw
Wu Jian
Xom

Annotations:
D:3 Grinder


Innate Abilities, Weirdness & Mutations

Shadows flee at your approach. (+LOS)
You can swim through water.
You cover ground slowly.
You can hop short distances.


Message History

Grinder is nearby!
You lunge at Grinder.
You barely miss Grinder. Grinder hits you.
You writhe in agony.
Unknown command.
Grinder says, "Tell me all your secrets, or I'll kill you."
Grinder drinks a potion.
Grinder seems to speed up.
Grinder barely misses you.
You barely miss Grinder. Grinder gestures at you.
You resist with significant effort. Grinder barely misses you.
Grinder hits you!
You writhe in agony.
Grinder gestures at you.
You suddenly lose the ability to move!
Grinder blinks!
Grinder says, "DUCK!"
Grinder blinks!
Grinder hits you. x3
* * * LOW HITPOINT WARNING * * *
You writhe in agony.
* * * LOW HITPOINT WARNING * * *
Grinder hits you.
You die...

#. #. ### #.
#########.#. #.
#.........# .. #.
#.#######.####.#####.
#.....# #....#.......
######.# ####.####....
#....@5# #...##.##.
#......########.##.##.
#..................#..
#......######...###...
#......# #...###...
######## #....##.##
####.##.## . #.##... .
#.#.#####


You could see Grinder.

Vanquished Creatures
  2 adders (D:2)
  An ooze (D:2)
  A worm (D:2)
  3 dart slugs (D:1)
  2 leopard geckos
  A ball python (D:2)
  4 giant cockroaches (D:2)
  8 goblins
  4 hobgoblins
  3 jackals (D:3)
  6 kobolds
  2 quokkas (D:2)
  3 bats (D:1)
  6 rats
46 creatures vanquished.

Notes
Turn   | Place    | Note
-------+----------+-------------------------------------------
     0 | D:1      | Anon1729 the Barachi Gladiator began the quest for the Orb.
     0 | D:1      | Reached XP level 1. HP: 17/17 MP: 1/1
   240 | D:1      | Reached XP level 2. HP: 23/23 MP: 2/2
   471 | D:1      | Reached XP level 3. HP: 24/28 MP: 3/3
   770 | D:2      | Reached skill level 1 in Armour
   787 | D:2      | Reached skill level 4 in Staves
  1022 | D:2      | Found a deep blue altar of Sif Muna.
  1022 | D:2      | Found an ancient bone altar of Kikubaaqudgha.
  1023 | D:2      | Found a hide-covered altar of Uskayaw.
  1052 | D:2      | Reached XP level 4. HP: 31/35 MP: 4/4
  1230 | D:2      | Found an ornate altar of the Wu Jian Council.
  1230 | D:2      | Found a shimmering altar of Xom.
  1232 | D:2      | Found a stormy altar of Qazlal.
  1235 | D:2      | Became a worshipper of the Wu Jian Council
  1556 | D:3      | Found a shattered altar of Ashenzari.
  1590 | D:3      | Noticed Grinder
  1596 | D:3      | Paralysed by Grinder for 6 turns
  1600 | D:3      | Slain by Grinder

Skill      XL: |  1  2  3 |
---------------+----------+-----
Armour         | 1 |  1.2
Staves         | 4 |  4.2
Fighting       | 3 |  3.1
Throwing       | |  2.6
Dodging        | |  3.8

Action                   |  1- 3 |  4- 6 || total
-------------------------+-------+-------++-------
Melee: Quarterstaff      |    99 |    35 ||   134
Invok: Lunge             |       |     3 ||     3
  Eat: Chunk             |     1 |     2 ||     3
Armor: Leather armour    |    22 |     6 ||    28
Dodge: Dodged            |    60 |    26 ||    86
